Flore, neutral female sylph Wizard -------- |......| |......-# --------------------------------- |...>..|### #-...............I...............| --------- |......| # #|.----....-----.----|--..-----..| |.......| |......| #####|.|..|---.|...-.-.(|..|..|((.|..| |.......| -----.-- # |.|..|..|.|._.|.|..|..|..|(((|...#########|.......| # #####|.-|-|..|[|...|.--------.|...|..|#########-.<.....| ### # #|....|..|.|...|....-.//|.--|--..|# ------ -- # ### |.{..-|--.----|....|..[|........| ## # |....%.....-..|+--.-----..-----.| --.---### |....-)--..|..| |........-...|.| |.....# |.-.-|..|.----| |-|--....|...|.| |....| |.|..|..|.|.![| |(..|---.-----.| |..... ##|.|..|---.-.?)| |(+(|..........| ------ #-.|..|....|!?.| |((.|..|.......| #|.----....-----+---------.....{.| #................................| --------------------------------- Flore the Thaumaturge Experience level: 6 Strength: 9 Dexterity: 10 Constitution: 12 Intelligence: 18 Wisdom: 18 Charisma: 8 Health: 0(40) Energy: 97(97) Def: 1 Gold: 102 Moves: 1927 Dungeon seed: jZmWbMhBpPjMeeZb Game ID: Flore_1449330989 Your Inventory: Coins $ - 102 gold pieces Amulets v - a cursed amulet of change Weapons a - a blessed +1 quarterstaff (alternate weapon; not wielded) t - 2 rusty +0 daggers (wielded) Armor e - an uncursed +0 cloak of magic resistance (being worn) Comestibles h - 5 uncursed food rations m - an uncursed fortune cookie w - an uncursed tin of jackal meat B - an uncursed lichen corpse K - 2 uncursed figues Potions M - an uncursed potion of invisibility Rings L - an uncursed ring of shock resistance N - a blessed +1 ring of increase damage Wands d - a wand of nothing (0:4) j - a wand of slow monster (0:6) p - a wand of digging (0:7) P - a cursed wand of magic missile (0:5) Tools l - an uncursed magic lamp (lit) q - an uncursed stethoscope x - a +0 pick-axe F - an uncursed towel Q - an uncursed partly used wax candle (lit) (0:299) Gems n - 2 uncursed worthless pieces of red glass r - an uncursed worthless piece of orange glass O - 3 uncursed worthless pieces of blue glass Spells and supernatural/magical abilities: Name Level Category Fail Memory a - force bolt 1 attack 0% 91% l - light 1 divination 0% 91% m - magic missile 2 attack 0% 98% W - pray for help -- divine ? -- Your skills at the end: Miscellaneous Skills wands [Basic] Weapon Skills dagger [Basic] quarterstaff [Basic] Spellcasting Skills attack spells [Basic] enchantment spells [Basic] Final Attributes: You were devoutly aligned. You were magic-protected. You saw invisible. You had infravision. You were stealthy. You were protected from shape changers. You were fast. You are dead. Vanquished creatures: a soldier ant a bugbear 4 gnome lords 2 gnomish wizards 2 giant ants a floating eye 10 dwarves a monkey a werejackal 2 killer bees a hobbit a gecko 2 hobgoblins a giant rat a cave spider 17 gnomes 2 garter snakes a jackal 3 newts a goblin 5 grid bugs 2 lichens 62 creatures vanquished. Voluntary challenges: You went without food. You used a wielded weapon 84 times, starting on turn 14. You did not apply a unicorn horn. You read items or engraved 9 times, starting on turn 153. You never genocided any monsters. You never polymorphed an object. You never changed form. You used no wishes. You never split a pudding. You wrote Elbereth's name 7 times, starting on turn 153. You violated your moral code, losing 1 point of alignment, starting on turn 1603. Dungeon overview: The Dungeons of Doom: levels 1 to 2 Level 1 a fountain a long staircase Level 2 a weapon shop stairs to The Gnomish Mines The Gnomish Mines: levels 3 to 7 Level 3 stairs to The Dungeons of Doom Level 4 Level 5 <- You were here many shops, a temple to Thoth, a magic chest, some fountains Level 6 Level 7 History has recorded: On T:1 you entered the Dungeons of Doom to retrieve the Amulet of Yendor! On T:290 you advanced to experience level 2. On T:379 you reached level 2 of The Dungeons of Doom. On T:486 you reached level 1 of The Gnomish Mines. On T:530 you advanced to experience level 3. On T:909 you reached level 2 of The Gnomish Mines. On T:974 you advanced to experience level 4. On T:1252 you reached level 3 of The Gnomish Mines. On T:1331 you advanced to experience level 5. On T:1339 you entered the Minetown temple On T:1447 you opened a magic chest. On T:1447 you opened a magic chest. On T:1447 you opened a magic chest. On T:1462 you opened a magic chest. On T:1651 you reached level 4 of The Gnomish Mines. On T:1667 you advanced to experience level 6. On T:1784 you reached level 5 of The Gnomish Mines. Score breakdown: Gold: 102 ( 10 points) Experience: 6 levels ( 500 points) Exploration: 7 levels ( 180 points) Discoveries: 10 items ( 500 points) Variety of kills: 22 monsters ( 1100 points) Major goal: reached Minetown ( 500 points) Survival: died (score multiplied by 3) Total score: 8370 Latest messages: The missiles bounce off! You faint from lack of food. Something stabs you! (3x) You die... Final status: Goodbye Flore the Wizard, killed by a hobgoblin, while fainted from lack of food... You died in The Gnomish Mines on dungeon level 5 with 8370 points, and 102 pieces of gold, after 1927 moves. You were level 6 with a maximum of 40 hit points when you died.